 Dungeon Crawl Stone Soup version 0.31-a0-1612-g4aaf141 (webtiles) character file.

Game seed: 14721099838393609898

124 PidgeyThePirate the Chopper (level 4, 0/36 HPs)
             Began as a Demonspawn Chaos Knight on Jan 8, 2024.
             Was a Plaything of Xom.
             Slain by an iguana (16 damage)
             ... on level 3 of the Dungeon.
             The game lasted 00:04:13 (2452 turns).

PidgeyThePirate the Chopper (DsCK)                  Turns: 2452, Time: 00:04:14

Health: 0/36       AC: 11    Str: 14    XL:     4   Next: 81%
Magic:  4/4        EV: 11    Int: 13    God:    Xom [......]
Gold:   171        SH:  0    Dex: 12    Spells: 3/3 levels left

rFire   . . .        a - +0 hand axe (chaos)
rCold   + . .        (no shield)
rNeg    . . .        b - +2 leather armour
rPois   .            (helmet restricted)
rElec   .            (no cloak)
rCorr   .            (no gloves)
SInv    .            (no boots)
Will    .....        (no amulet)
Stlth   +            e - ring of protection from cold
HPRegen 0.26/turn    (no ring)
MPRegen 0.09/turn

%: no passive effects
@: mighty, sanguine armoured
A: antennae 2, powered by pain 1, sanguine armour 1
a: Renounce Religion


You were on level 3 of the Dungeon.
You worshipped Xom.
You were a very special plaything of Xom.
You visited 1 branch of the dungeon, and saw 3 of its levels.

You collected 171 gold pieces.

Inventory:

Hand Weapons
 a - a +0 hand axe of chaos (weapon)
 r - a +0 broad axe
Armour
 b - a +2 leather armour (worn)
 f - a +2 helmet
Jewellery
 e - a ring of protection from cold (left hand)
Wands
 w - a wand of paralysis (3)
Scrolls
 c - a scroll of butterflies
 g - 3 scrolls of fog {unknown}
 i - a scroll of torment {unknown}
 k - a scroll of silence {unknown}
 l - a scroll of noise {unknown}
 n - a scroll of vulnerability {unknown}
 p - 4 scrolls of identify {unknown}
 q - a scroll of poison {unknown}
 s - a scroll of enchant weapon {unknown}
 t - 4 scrolls of enchant armour {unknown}
 v - a scroll of immolation {unknown}
Potions
 d - 4 potions of haste {unknown}
 h - a potion of magic {unknown}
 j - 2 potions of might {unknown}
 m - a potion of attraction {unknown}
 o - 2 potions of heal wounds {unknown}
 u - a potion of berserk rage {unknown}


   Skills:
 + Level 3.6 Fighting
 + Level 3.9 Axes
 + Level 2.2 Armour
 + Level 2.1 Dodging
 + Level 0.6 Stealth


You had 3 spell levels left.
You didn't know any spells.
Your spell library contained the following spells:

 Spells                   Type           Power      Damage    Failure   Level
 Freeze                   Ice            0%         1d3       36%         1
 Call Canine Familiar     Summ           0%         N/A       75%         3
 Frozen Ramparts          Ice            0%         1d1       75%         3
 Hailstorm                Conj/Ice       0%         3d5       75%         3
 Sigil of Binding         Hex            0%         N/A       75%         3
 Dimensional Bullseye     Hex/Tloc       0%         N/A       98%         4


Dungeon Overview and Level Annotations

Branches:
Dungeon (3/15)

Altars:


Innate Abilities, Weirdness & Mutations

You have a pair of antennae on your head.
You sometimes gain a little power by taking damage.
When seriously injured, your blood forms armour. (AC +6)


Message History

A bat comes into view.
A bat is nearby!
The bat closely misses you. The bat barely misses you.
You hit the bat. You freeze the bat.
You kill the bat!
t - 4 scrolls labelled YMIANO BYOSHECH (gained 3)
A kobold comes into view. It is wielding a +0 whip.
A kobold is nearby!
The kobold shouts!
You slash the kobold!
You kill the kobold!
Found a stone staircase leading up.
You see here a +0 whip.
Found a pitted scale mail.
An iguana comes into view.
The iguana closely misses you.
You see here the +0 scale mail of Ipses {Str+3}.
The iguana closely misses you.
You hit the iguana.
The iguana seems to slow down.
You freeze the iguana.
The iguana is moderately wounded.
The iguana bites you!
Your blood congeals into armour.
You closely miss the iguana.
The iguana is moderately wounded.
You hit the iguana but do no damage.
The iguana shakes off its lethargy.
The iguana flies into a frenzy!
Xom thinks this is hilarious!
The iguana is moderately wounded.
Your blood armour dries and flakes away.
The iguana closely misses you. The iguana bites you!
You focus on the pain.
You feel very mighty all of a sudden.
Your blood congeals into armour.
You hit the iguana.
The iguana is heavily wounded.
The iguana bites you but does no damage.
The iguana barely misses you.
You hit the iguana.
The iguana suddenly stops moving!
The iguana is severely wounded.
The iguana is no longer paralysed.
The iguana bites you!
You die... "I guess I need a new plaything now."

.......# #####..# .#
#..# .####..####
....).....# .#.....##.#
# #### .##.##.##.# #.#..
.##.##.##.# #.#.##
.##.##.##.# #.l@.#
.#.....##.# ###[.#
...######.# ###.<#
........#.####....#
..................#.##
..........).............
#..#...)............###.
....................#
...#..#.#.#.........#


You could see a neutral iguana (fast, strong, frenzied).

Vanquished Creatures
  4 adders
  2 dart slugs
  3 ribbon worms (D:2)
  An orc (D:3)
  5 ball pythons
  9 bats
  4 endoplasms
  A giant cockroach (D:1)
  4 goblins
  6 hobgoblins
  7 jackals
  7 kobolds
  6 quokkas
  8 frilled lizards
  5 rats
72 creatures vanquished.

Vanquished Creatures (others)
  A hobgoblin zombie (D:2)
1 creature vanquished.

Grand Total: 73 creatures vanquished

Notes
Turn   | Place    | Note
-------+----------+-------------------------------------------
     0 | D:1      | PidgeyThePirate the Demonspawn Chaos Knight began the quest
                  | for the Orb.
     0 | D:1      | Reached XP level 1. HP: 18/18 MP: 1/1
    22 | D:1      | XOM: divination: detect items
    31 | D:1      | Reached skill level 1 in Dodging
    41 | D:1      | XOM: potion effect (brilliance)
    58 | D:1      | Gained mutation: You sometimes gain a little power by
                  | taking damage. [demonic ancestry]
    58 | D:1      | Reached XP level 2. HP: 24/24 MP: 2/2
    93 | D:1      | XOM: divination: detect creatures
   310 | D:1      | XOM: potion effect (brilliance)
   311 | D:1      | XOM: silly message
   407 | D:1      | Found a faded altar of an unknown god.
   706 | D:2      | Gained mutation: You have a pair of small antennae on your
                  | head. [demonic ancestry]
   706 | D:2      | Reached XP level 3. HP: 29/29 MP: 3/3
   891 | D:2      | XOM: give mutation
   891 | D:2      | Gained mutation: You have a pair of antennae on your head.
                  | [Xom's mischief]
   901 | D:2      | Gained mutation: When seriously injured, your blood forms
                  | armour. (AC +6) [demonic ancestry]
   901 | D:2      | Reached XP level 4. HP: 27/35 MP: 4/4
  2241 | D:3      | XOM: summons 2 hostile shadow creatures
  2374 | D:3      | XOM: god gift: wand of paralysis (3)
  2446 | D:3      | Identified the +0 scale mail of Ipses {Str+3}
  2452 | D:3      | Slain by an iguana

Illustrated notes

Levels and vault maps discovered:
D:1:      psy_arrival_statuary, layout_basic,
          dreamdust_ecumenical_altar_sealed_demon, chequers_garden
D:2:      minmay_alternating_diamond, layout_loops_corners,
          minmay_joined_circles
D:3:      layout_basic

Skill      XL: |  1  2  3  4 |
---------------+-------------+-----
Dodging        | 1 2 |  2.1
Axes           | 3 |  3.9
Armour         | 2 |  2.2
Fighting       | |  3.6
Stealth        | |  0.6

Action                     |  1- 3 |  4- 6 || total
---------------------------+-------+-------++-------
  Melee: Hand axe          |   128 |   104 ||   232
   Stab: Paralysed         |     1 |     1 ||     2
 Armour: Leather armour    |   105 |    81 ||   186
  Dodge: Dodged            |   134 |    87 ||   221

Table legend: (Time is in decaauts)
 A = Elapsed time spent in this place.
 B = Non-inter-level travel time spent in this place.
 C = Inter-level travel time spent in this place.
 D = Time resting spent in this place.
 E = Time spent auto-exploring this place.
 F = Levels seen in this place.
 G = Mean time per level.
                   A        B        C        D        E       F      G
               +--------+--------+--------+--------+--------+-----+--------+
         Total |   2482 |   2408 |     74 |      0 |   1783 |   3 |  827.3 |
       Dungeon |   2482 |   2408 |     74 |      0 |   1783 |   3 |  827.3 |
               +--------+--------+--------+--------+--------+-----+--------+

Top non-repeatable levels by time:
     D:2: 1291 daAuts
     D:3: 649 daAuts
     D:1: 542 daAuts
